 Dungeon Crawl Stone Soup version 0.25-a0-10-g2fe12d4386 (webtiles) character file.

Game seed: 4788805710613139495, levelgen mode: deterministic

186 MalarOregon the Conjurer (level 5, -4/42 HPs)
             Began as a Draconian Conjurer on Oct 15, 2019.
             Was an Initiate of Vehumet.
             Killed by divine providence
             ... invoked by an orc priest
              (17 damage)
             ... on level 4 of the Dungeon.
             The game lasted 00:07:03 (4199 turns).

MalarOregon the Conjurer (Draconian Conjurer)       Turns: 4199, Time: 00:07:03

Health: -4/42      AC:  6    Str: 10    XL:     5   Next: 38%
Magic:  9/9        EV: 12    Int: 16    God:    Vehumet [......]
Gold:   78         SH:  3    Dex: 12    Spells: 4/9 levels left

rFire    . . .     SeeInvis .   d - +3 spear (pain)
rCold    . . .     Gourm    .   n - +0 buckler
rNeg     . . .     Faith    .   (armour unavailable)
rPois    .         Spirit   .   (helmet restricted)
rElec    .         Reflect  .   (no cloak)
rCorr    .         Harm     .   q - +0 pair of gloves
MR       .....                  (no boots)
Stlth    ++........             l - amulet of magic regeneration
HPRegen  0.14/turn              p - ring of flight
MPRegen  0.36/turn              (no ring)

@: no status effects
A: unfitting armour, cold-blooded, AC +5
a: Renounce Religion, Evoke Flight


You were on level 4 of the Dungeon.
You worshipped Vehumet.
Vehumet was noncommittal.
You were very hungry.

You visited 1 branch of the dungeon, and saw 4 of its levels.

You collected 78 gold pieces.

Inventory:

Hand Weapons
 d - a +3 spear of pain (weapon)
   (You took it off Robin on level 2 of the Dungeon)
Missiles
 c - 2 javelins (quivered)
 i - 8 poisoned darts
Armour
 n - a +0 buckler (worn)
   (You found it on level 2 of the Dungeon)
 q - a +0 pair of gloves (worn)
   (You found it on level 4 of the Dungeon)
Jewellery
 l - an amulet of magic regeneration (around neck)
   (You found it on level 2 of the Dungeon)
 p - a ring of flight (left hand)
   (You found it on level 3 of the Dungeon)
Scrolls
 f - 5 scrolls of remove curse {@r2}
 h - a scroll of enchant weapon
 k - a scroll of identify {@r1}
 o - a scroll of amnesia
Potions
 a - 5 potions of heal wounds {@q2}
 b - 3 potions of invisibility
 g - a potion of might {unknown}
 j - a potion of flight {unknown}
 m - 3 potions of lignification {!q}
 r - a potion of degeneration {unknown}
Comestibles
 e - 4 rations {!d}


   Skills:
 + Level 2.5 Fighting
 + Level 2.9 Dodging
 - Level 1.7 Stealth
 * Level 1.1 Shields
 + Level 2.9 Spellcasting
 + Level 4.7 Conjurations


You had 4 spell levels left.
You knew the following spells:

 Your Spells              Type           Power        Failure   Level  Hunger
a - Magic Dart            Conj           ###.         3%          1    #......
x - Iskenderun's Mystic   Conj           ###.....     36%         4    #####..

Your spell library contained the following spells:

 Spells                   Type           Power        Failure   Level  Hunger
 Searing Ray              Conj           ###...       6%          2    ##.....
 Dazzling Spray           Conj/Hex       #.....       30%         3    ###....
 Force Lance              Conj/Tloc      #.......     69%         4    #####..
 Fulminant Prism          Conj/Hex       #.........   69%         4    #####..


Dungeon Overview and Level Annotations

Branches:
Dungeon (4/15)             Temple (0/1) D:4

Altars:
Ashenzari
Uskayaw
Vehumet


Innate Abilities, Weirdness & Mutations

Your plain brown scales are hard. (AC +5)
You cannot fit into any form of body armour.
You are cold-blooded and may be slowed by cold attacks.


Message History

You open the door.
There is an open door here.
You see here 8 poisoned darts.
i - 8 poisoned darts You open the door.
There is an open door here.
Found 11 gold pieces.
You now have 78 gold pieces (gained 11).
Found an inky potion.
j - an inky potion
There is a fountain of sparkling water here.
e - 4 rations {!d} (gained 1)
Found a scale mail.
Found a dagger.
There is a staircase to the Ecumenical Temple here.
Search for what [Enter for "."]?
You are feeling very hungry.
You can't go up here!
You can't go down here!
Found 9 stones.
Found a stone staircase leading up.
You see here 9 stones.
Found a ring mail, a scroll of identify and a potion of heal wounds.
k - a scroll of identify {@r1}
Found 10 gold pieces.
a - 5 potions of heal wounds {@q2} (gained 1)
An orc priest comes into view. It is wielding a +0 whip.
An orc priest is nearby!
An orc priest is nearby!
An orc priest comes into view. It is wielding a +0 war axe.
The orc priest shouts!
You hear a shout! x3
An orc comes into view. It is wielding a +0 war axe.
An orc comes into view. It is wielding a +0 hand axe.
You see here 10 gold pieces.
Attack whom?
Aim: an orc priest, wielding a +0 whip and wearing a +0 ring mail You reach to attack!
You hit the orc priest.
The orc priest mumbles some strange prayers to Beogh against you.
Beogh smites you!
An orc comes into view. It is wielding a +0 whip.
The orc priest misses you.
You hit the orc priest.
The orc priest hits you but does no damage.
You closely miss the orc priest.
The orc priest mumbles some strange prayers to Beogh against you.
Beogh smites you!
* * * LOW HITPOINT WARNING * * *
The orc priest mumbles some strange prayers to Beogh against you.
Beogh smites you!
You die...

. ###### ....######
#..... ..ooooo@.# #.####
....####.# #.# . #.#
####.#### #.# #........
#.# #.##.###. ####.#
#.##.# #. ##.##.#
#....###.
####...#.#######.....##.
+.......................


You could see 2 orc priests and 3 orcs.

Vanquished Creatures
  An orc wizard (D:3)
  Jessica (D:2)
  A hound skeleton (D:4)
  Robin (D:2)
  2 worms
  2 dart slugs
  5 leopard geckos
  7 orcs
  3 ball pythons
  7 bats
  4 giant cockroaches
  12 goblins
  17 hobgoblins
  2 jackals (D:3)
  A quokka (D:2)
  A frilled lizard (D:3)
  8 kobolds
  6 rats
81 creatures vanquished.

Notes
Turn   | Place    | Note
-------+----------+-------------------------------------------
     0 | D:1      | MalarOregon the Draconian Conjurer began the quest for the
                  | Orb.
     0 | D:1      | Reached XP level 1. HP: 14/14 MP: 3/3
   224 | D:1      | Reached XP level 2. HP: 22/22 MP: 5/5
   322 | D:1      | Reached skill level 1 in Fighting
   824 | D:1      | Reached XP level 3. HP: 28/28 MP: 4/6
  1452 | D:2      | Noticed Jessica
  1455 | D:2      | Killed Jessica
  1455 | D:2      | Reached XP level 4. HP: 26/36 MP: 3/7
  1557 | D:2      | Found a shattered altar of Ashenzari.
  1685 | D:2      | Identified the +1 helmet of the Saviour {Int+4 Dex+3}
  1685 | D:2      | Noticed Robin
  1969 | D:2      | Killed Robin
  2890 | D:3      | Reached skill level 1 in Shields
  2890 | D:3      | Reached XP level 5. HP: 37/42 MP: 3/9
  3125 | D:3      | Found a hide-covered altar of Uskayaw.
  3298 | D:3      | Found a radiant altar of Vehumet.
  3499 | D:3      | Became a worshipper of Vehumet
  3622 | D:4      | Learned a level 4 spell: Iskenderun's Mystic Blast
  3988 | D:4      | Found a staircase to the Ecumenical Temple.
  4199 | D:4      | Killed from afar by an orc priest

Levels and vault maps discovered:
D:1:      lemuel_arrival_cross, layout_loops_ring, grunt_decor_fettered
D:2:      layout_loops_cross, ashenzari_conservatory_becter, uniq_jessica,
          uniq_robin
D:3:      layout_loops_corners, minitemple, eino_tiny_chamber
D:4:      layout_loops_corners, temple_fountains, first_ration

Skill      XL: |  1  2  3  4 |
---------------+-------------+-----
Dodging        | 2 |  2.9
Fighting       | 1 2 |  2.5
Shields        | 1 |  1.1
Stealth        | |  1.7
Spellcasting   | |  2.9
Conjurations   | |  4.7

Action                   |  1- 3 |  4- 6 || total
-------------------------+-------+-------++-------
Melee: Dagger            |    25 |     1 ||    26
       Tailslap          |     1 |     6 ||     7
       Spear             |       |    77 ||    77
Throw: Javelin           |    20 |     2 ||    22
 Cast: Magic Dart        |    43 |    75 ||   118
  Use: Scroll            |       |     7 ||     7
 Stab: Sleeping          |       |     2 ||     2
       Distracted        |       |     1 ||     1
  Eat: Chunk             |     2 |     8 ||    10
Armor: Skin              |    14 |    28 ||    42
Dodge: Dodged            |    20 |    60 ||    80
Block: Buckler           |       |     6 ||     6

Table legend:
 A = Non-vault XP
 B = Vault XP
 C = Vault XP percentage of total XP
 D = Non-vault monster count
 E = Vault monster count
 F = Vault count percentage of total count
                 A         B        C        D         E       F
            +---------+---------+-------+---------+---------+-------
      Total |     199 |      68 |  25.5 |      71 |      10 |  12.3
            +---------+---------+-------+---------+---------+-------
        D:1 |      50 |       6 |  10.7 |      24 |       3 |  11.1
        D:2 |      37 |      62 |  62.6 |      20 |       7 |  25.9
        D:3 |      91 |       0 |   0.0 |      24 |       0 |   0.0
        D:4 |      21 |       0 |   0.0 |       3 |       0 |   0.0
            +---------+---------+-------+---------+---------+-------
